[Event "Titled Tuesday Blitz August 1 Early 2023"]
[White "Akylbek2021"]
[Black "Johnson, Ben"]
[BlackFideId "2010917"]
[WhiteElo "2323"]
[BlackElo "2126"]
[Result "0-1"]
[Round "8"]
[TimeControl "180+1"]
[Date "2023.08.01"]
[WhiteClock "0:00:00"]
[BlackClock "0:00:32"]
[Board "194"]

1. d4 Nf6 2. c4 e6 3. Nf3 d5 4. g3 dxc4 5. Bg2 c5 6. e3 Nc6 7. O-O cxd4 8. Nxd4 Nxd4 9. exd4 Nd5 10. Qa4+ Bd7 11. Qxc4 Bc6 12. Nc3 Rc8 13. Nxd5 Bxd5 14. Qb5+ Bc6 15. Bxc6+ bxc6 16. Qa4 Qd5 17. Be3 Bd6 18. Qxa7 h5 19. h4 O-O 20. Qa4 Qe4 21. Rac1 Bxg3 22. fxg3 Qxe3+ 23. Kg2 Qe4+ 24. Kg1 Rfd8 25. Rfe1 Qg4 26. Qb3 Rxd4 27. Qe3 Rcd8 28. Rc3 Rd2 29. b4 Qh3 0-1


[Site "https://www.chess.com"]

[Event "Titled Tuesday Blitz August 1 Early 2023"]
[White "Alimpic, Aleksa"]
[Black "Larina, Maria"]
[WhiteFideId "974323"]
[BlackFideId "24113182"]
[WhiteElo "2301"]
[BlackElo "2118"]
[Result "1-0"]
[Round "8"]
[TimeControl "180+1"]
[Date "2023.08.01"]
[WhiteClock "0:01:00"]
[BlackClock "0:00:32"]
[Board "195"]

1. d4 f5 2. Bf4 Nf6 3. e3 e6 4. Be2 b6 5. Nf3 Bb7 6. O-O d6 7. c4 Be7 8. h3 O-O 9. Nc3 Ne4 10. Nxe4 fxe4 11. Nd2 Bf6 12. Qc2 Bxd4 13. Nxe4 Be5 14. Ng5 Rf5 15. Nxe6 Qf6 16. Bg4 Rxf4 17. exf4 Bxf4 18. Nxc7 Nc6 19. Nxa8 Bxa8 20. Qf5 Be5 21. Qxf6 Bxf6 22. Bf3 Bxb2 23. Rad1 Be5 24. Rfe1 Bb7 25. Rxe5 dxe5 26. Rd7 e4 27. Bxe4 Ne5 28. Rxb7 Nxc4 1-0


[Site "https://www.chess.com"]

[Event "Titled Tuesday Blitz August 1 Early 2023"]
[White "Amorim, Daniel Madson De Medeiro"]
[Black "Slayyy_200"]
[WhiteFideId "2124912"]
[WhiteElo "2292"]
[BlackElo "2028"]
[Result "1-0"]
[Round "8"]
[TimeControl "180+1"]
[Date "2023.08.01"]
[WhiteClock "0:00:06"]
[BlackClock "0:00:04"]
[Board "196"]

1. d4 Nf6 2. c4 g6 3. Nc3 d5 4. cxd5 Nxd5 5. e4 Nxc3 6. bxc3 Bg7 7. Nf3 O-O 8. Be2 c5 9. O-O Nc6 10. Be3 Bg4 11. d5 Na5 12. Bxc5 Rc8 13. Bd4 Bxf3 14. Bxf3 Bxd4 15. Qxd4 Rc4 16. Qd2 Qc7 17. Rac1 Rc8 18. Bg4 f5 19. Bf3 Rxc3 20. Rxc3 Qxc3 21. Qxc3 Rxc3 22. e5 Nc4 23. d6 exd6 24. exd6 Nxd6 25. h3 Kf7 26. Rd1 Ke7 27. Rd2 b5 28. Kf1 a5 29. Ke2 Nc4 30. Rd5 Rc2+ 31. Ke1 b4 32. Rc5 Rc3 33. Bd5 Kd6 34. Rxc4 Kxd5 35. Rh4 h5 36. g4 fxg4 37. hxg4 hxg4 38. Rxg4 a4 39. Rxb4 a3 40. Ra4 g5 41. Kf1 Rc1+ 42. Kg2 Rc3 43. Ra5+ Ke4 44. Rxg5 Kf4 45. Ra5 Rd3 46. Ra4+ Kg5 47. Kf1 Kf5 48. Ke2 Rc3 49. Rd4 Ke5 50. Rd3 Rc2+ 51. Rd2 Rc3 52. Kd1 Ke4 53. Rc2 Rd3+ 54. Ke2 Rh3 55. Rc4+ Kd5 56. Rb4 Rc3 57. Kd2 Rf3 58. Ke1 Rc3 59. Ra4 Ke5 60. Kd2 Rf3 61. Ke2 Rc3 62. Kf1 Rf3 63. Kg2 Rc3 64. Ra8 Kf5 65. Kh2 Kg4 66. Kg2 Kf5 67. Rb8 Kg4 68. Rg8+ Kf5 69. Rg3 Rc4 70. Rxa3 Rg4+ 71. Kf1 Re4 72. Ra8 Kf4 73. Kg2 Kg4 74. a4 Kf5 75. a5 Ra4 76. a6 Rg4+ 77. Kf1 Rg7 78. a7 Kg5 79. Kg2 Kg4 80. f3+ Kg5 81. Kf2 Kg6 82. f4 Kh5 83. Rh8+ Kg4 84. a8=Q Kxf4 85. Rf8+ Kg4 86. Rg8 Rxg8 87. Qxg8+ Kh5 88. Kf3 Kh6 89. Kf4 Kh5 90. Qg5# 1-0


[Site "https://www.chess.com"]

[Event "Titled Tuesday Blitz August 1 Early 2023"]
[White "Goughfather"]
[Black "Clawitter, Craig"]
[BlackFideId "2023105"]
[WhiteElo "2093"]
[BlackElo "2234"]
[Result "0-1"]
[Round "8"]
[TimeControl "180+1"]
[Date "2023.08.01"]
[WhiteClock "0:00:01"]
[BlackClock "0:00:09"]
[Board "197"]

1. d4 e6 2. Nf3 Nf6 3. Bf4 b6 4. e3 Bb7 5. Bd3 c5 6. c3 Be7 7. Nbd2 Nh5 8. Be5 d6 9. Bg3 a6 10. e4 cxd4 11. cxd4 Nc6 12. a3 g6 13. Qe2 b5 14. b4 Rc8 15. Nb3 O-O 16. O-O Nxg3 17. hxg3 Bf6 18. Rad1 Qb6 19. e5 dxe5 20. dxe5 Bg7 21. Nc5 Rfd8 22. Bb1 Qc7 23. Rfe1 Rxd1 24. Rxd1 Rd8 25. Rxd8+ Nxd8 26. Qd2 Bf8 27. Nd3 Bd5 28. Ng5 Nc6 29. f3 Nxe5 30. Nxe5 Qxe5 31. Ne4 Qa1 32. Qc2 Bxe4 33. Qxe4 Qxa3 34. Kh2 Qxb4 35. Qa8 Qxb1 36. Qxa6 b4 37. Qc8 b3 38. f4 b2 39. f5 Qxf5 0-1


[Site "https://www.chess.com"]

[Event "Titled Tuesday Blitz August 1 Early 2023"]
[White "Samaganova, Aleksandra"]
[Black "Navyblue1"]
[WhiteFideId "13800221"]
[WhiteElo "2231"]
[BlackElo "1932"]
[Result "1-0"]
[Round "8"]
[TimeControl "180+1"]
[Date "2023.08.01"]
[WhiteClock "0:00:26"]
[BlackClock "0:00:04"]
[Board "198"]

1. c4 Nf6 2. Nc3 c5 3. Nf3 Nc6 4. e3 g6 5. d4 cxd4 6. exd4 Bg7 7. d5 Nb8 8. Bd3 d6 9. O-O O-O 10. h3 Nbd7 11. Re1 Nc5 12. Bc2 a5 13. Rb1 Bd7 14. b3 Rb8 15. Qe2 Re8 16. Bb2 Qc7 17. a3 e6 18. dxe6 Bxe6 19. Nb5 Qb6 20. Qd2 Rbd8 21. Ng5 Qc6 22. Nd4 Qa6 23. Bc3 b6 24. b4 axb4 25. axb4 Nb7 26. Ngxe6 fxe6 27. Nxe6 Rd7 28. Nxg7 Rxe1+ 29. Rxe1 Kxg7 30. Qd4 Rf7 31. Re6 Nd8 32. Rxf6 Nc6 33. Rxf7+ Kxf7 34. Qf6+ Ke8 1-0


[Site "https://www.chess.com"]

[Event "Titled Tuesday Blitz August 1 Early 2023"]
[White "Osiecki, Stanislaw"]
[Black "Arcos Facio, Mateo"]
[WhiteFideId "1102990"]
[BlackFideId "3001199"]
[WhiteElo "2011"]
[BlackElo "2201"]
[Result "0-1"]
[Round "8"]
[TimeControl "180+1"]
[Date "2023.08.01"]
[WhiteClock "0:01:36"]
[BlackClock "0:01:03"]
[Board "199"]

1. e4 e5 2. Nf3 Nc6 3. Bb5 f5 4. d3 fxe4 5. dxe4 Nf6 6. Nc3 Bc5 7. O-O d6 8. h3 O-O 9. Bc4+ Kh8 10. Qe2 Qe8 11. Be3 Bb6 12. Bxb6 axb6 13. Nd5 Nxd5 14. Bxd5 Qh5 15. Kh2 Bxh3 16. Rh1 Bxg2+ 17. Kxg2 Qg4+ 18. Kf1 Qxf3 19. Qxf3 Rxf3 20. c3 Raf8 21. Rh2 g6 22. a4 Kg7 23. Ke2 h5 24. Rg1 Kh6 25. Rhg2 R8f6 26. b4 R3f4 27. Bxc6 bxc6 28. a5 bxa5 29. bxa5 Rxe4+ 30. Kd3 Ra4 31. Rb1 Rf3+ 32. Ke2 Rxc3 33. Rb7 Ra2+ 34. Kd1 Rh3 35. Rg1 Ra1+ 0-1


[Site "https://www.chess.com"]

[Event "Titled Tuesday Blitz August 1 Early 2023"]
[White "Bocangel Chavez, Marjoire J."]
[Black "Tagliata"]
[WhiteFideId "3810500"]
[WhiteElo "1658"]
[BlackElo "2199"]
[Result "0-1"]
[Round "8"]
[TimeControl "180+1"]
[Date "2023.08.01"]
[WhiteClock "0:00:00"]
[BlackClock "0:00:30"]
[Board "200"]

1. e4 c5 2. Nc3 Nc6 3. Bb5 Nd4 4. a4 e6 5. d3 Nxb5 6. axb5 d6 7. f4 Nf6 8. Nf3 Be7 9. O-O O-O 10. Qe1 d5 11. Kh1 b6 12. Ne5 Bb7 13. Nc6 Bxc6 14. bxc6 d4 15. Nd1 Qc7 16. Nf2 Qxc6 17. c4 dxc3 18. bxc3 a5 19. c4 Nd7 20. e5 a4 21. Ne4 b5 22. cxb5 Qxb5 23. Qg3 Kh8 24. f5 exf5 25. Rxf5 Qc6 26. Bb2 Qg6 27. Qh3 Nb6 28. Rf3 Nd5 29. Rg3 Qh6 30. e6 f6 31. Qf5 Ne3 32. Qf2 f5 33. Qxe3 Qxe3 34. Rxe3 fxe4 35. Rxe4 Rfd8 36. Re3 Rab8 37. Ba3 Rb3 0-1


[Site "https://www.chess.com"]

[Event "Titled Tuesday Blitz August 1 Early 2023"]
[White "Vargas, Mauricio"]
[Black "Pein, Jonathan"]
[WhiteFideId "4404572"]
[BlackFideId "417092"]
[WhiteElo "1888"]
[BlackElo "2431"]
[Result "0-1"]
[Round "8"]
[TimeControl "180+1"]
[Date "2023.08.01"]
[WhiteClock "0:00:06"]
[BlackClock "0:00:09"]
[Board "201"]

1. e4 c5 2. Nc3 e6 3. f4 d5 4. Nf3 d4 5. Ne2 Nf6 6. d3 h5 7. g3 Nc6 8. Bg2 Be7 9. O-O Qc7 10. a3 b6 11. Ng5 h4 12. e5 Nd5 13. g4 Bxg5 14. fxg5 Nxe5 15. Bxd5 exd5 16. h3 Nxg4 17. hxg4 Bxg4 18. Bf4 Qe7 19. Qe1 Bxe2 20. Rf2 Bg4 21. Qf1 O-O-O 22. Re1 Qd7 23. Bh2 Bh3 24. Qe2 Rhe8 25. Qd2 Qg4+ 26. Kh1 Rxe1+ 27. Qxe1 Qxg5 28. Qe5 Qxe5 29. Bxe5 f6 30. Bh2 Rf8 31. Re2 Bd7 32. Re7 g5 33. Rg7 Kd8 34. Rf7 Rxf7 35. Kg2 Re7 36. Kf1 Bf5 37. Bd6 Kd7 38. Bh2 Re3 39. Bb8 Rf3+ 40. Ke2 Re3+ 41. Kd2 Re6 42. Bxa7 Kc7 43. a4 Kb7 44. Bxb6 Rxb6 45. b3 h3 46. Ke2 Re6+ 47. Kd2 h2 48. Kd1 h1=Q+ 49. Kd2 Qe1# 0-1


[Site "https://www.chess.com"]

[Event "Titled Tuesday Blitz August 1 Early 2023"]
[White "Todev, Simeon"]
[Black "Cardenas Carbajal, Nilson"]
[WhiteFideId "2925133"]
[BlackFideId "8401128"]
[WhiteElo "2411"]
[BlackElo "2121"]
[Result "0-1"]
[Round "8"]
[TimeControl "180+1"]
[Date "2023.08.01"]
[WhiteClock "0:00:00"]
[BlackClock "0:00:03"]
[Board "202"]

1. e4 e5 2. Nf3 Nc6 3. d4 exd4 4. Bc4 Nf6 5. O-O Nxe4 6. Re1 d5 7. Bxd5 Qxd5 8. Nc3 Qh5 9. Nxe4 Be7 10. Bg5 Be6 11. Bxe7 Nxe7 12. Ng3 Qg4 13. Qxd4 Rd8 14. Qxg4 Bxg4 15. Re4 Bxf3 16. gxf3 g6 17. Rae1 Rd7 18. f4 f5 19. Re6 Kf7 20. R1e2 Nd5 21. R6e5 Nxf4 22. Re1 Rhd8 23. Nxf5 Rd1 24. Nh6+ Kg7 25. Ng4 Rxe1+ 26. Rxe1 Rd2 27. h4 h5 28. Ne3 Nh3+ 29. Kg2 Nxf2 30. Kf3 Ng4 31. Nxg4 hxg4+ 32. Kxg4 Rxc2 33. b3 Kf7 34. Rf1+ Kg7 35. Re1 Kf7 36. Rd1 b6 37. Kg5 Rc5+ 38. Kg4 a5 39. Rd7+ Kf6 40. Rd2 b5 41. Rf2+ Kg7 42. Re2 Rc6 43. Kg5 Rc5+ 44. Kg4 Kf6 45. Rf2+ Ke5 46. Kg5 Rc6 47. Rd2 Ke4 48. Rd7 a4 49. bxa4 bxa4 50. Rd2 Ke3 51. Rd7 Rc2 52. Kxg6 Rxa2 53. Rxc7 Rg2+ 54. Kh6 a3 55. h5 a2 56. Ra7 Kd3 0-1


[Site "https://www.chess.com"]

[Event "Titled Tuesday Blitz August 1 Early 2023"]
[White "Kriti Mayur Patel"]
[Black "zano2023"]
[WhiteFideId "35061780"]
[WhiteElo "2023"]
[BlackElo "2129"]
[Result "1-0"]
[Round "8"]
[TimeControl "180+1"]
[Date "2023.08.01"]
[WhiteClock "0:00:50"]
[BlackClock "0:00:12"]
[Board "203"]

1. e4 e6 2. d4 d5 3. Nc3 Nf6 4. e5 Nfd7 5. f4 c5 6. Nf3 Nc6 7. Be3 Qb6 8. Na4 Qa5+ 9. c3 cxd4 10. b4 Nxb4 11. cxb4 Bxb4+ 12. Bd2 Bxd2+ 13. Nxd2 b6 14. Rb1 Ba6 15. Bxa6 Qxa6 16. Nf3 Qa5+ 17. Kf2 Nc5 18. Nxc5 Qxa2+ 19. Kg3 bxc5 20. Qc1 Qa5 21. Ra1 Qc3 22. Qb1 O-O 23. Rc1 Qb4 24. Qxb4 cxb4 25. Nxd4 a5 26. Nc6 b3 27. Rxa5 b2 28. Rb1 Rxa5 29. Nxa5 Rb8 30. Nc6 Rb3+ 31. Kf2 f6 32. Nd4 Rb4 33. Nxe6 fxe5 34. fxe5 Kf7 35. Nc5 Rc4 36. Nd3 Rc2+ 37. Kf3 Rc3 38. Ke3 Ke6 39. Rxb2 g5 40. Rf2 h5 41. Rf6+ Ke7 42. Rf5 g4 43. Rxh5 Rc2 44. g3 Rg2 45. Nf4 Ra2 46. Nxd5+ Ke6 47. Nf4+ Ke7 48. Ke4 Ra4+ 49. Kf5 Ra5 50. Rh7+ Ke8 51. Kf6 Ra6+ 52. e6 Kd8 53. Nd5 Rd6 54. Rh8# 1-0


[Site "https://www.chess.com"]

[Event "Titled Tuesday Blitz August 1 Early 2023"]
[White "Carlsen, Magnus"]
[Black "Aronian, Levon"]
[WhiteFideId "1503014"]
[BlackFideId "13300474"]
[WhiteElo "3252"]
[BlackElo "3084"]
[Result "1-0"]
[Round "9"]
[TimeControl "180+1"]
[Date "2023.08.01"]
[WhiteClock "0:00:10"]
[BlackClock "0:00:01"]
[Board "1"]

1. c4 e5 2. Nc3 Nf6 3. g3 Bb4 4. e4 Bxc3 5. bxc3 O-O 6. f3 d6 7. d4 Nc6 8. Nh3 Nd7 9. Nf2 b6 10. h4 Ba6 11. h5 h6 12. g4 Na5 13. Rg1 f6 14. Qa4 c5 15. d5 Qe8 16. Nd1 Nb8 17. Qxe8 Rxe8 18. Ne3 Nd7 19. Nf5 Nb7 20. a4 Nf8 21. Rg2 Rad8 22. Raa2 Na5 23. g5 fxg5 24. Bxg5 hxg5 25. Rxg5 Rd7 26. Rag2 Ree7 27. h6 g6 28. Rxg6+ Nxg6 29. Rxg6+ Kh7 30. Nxe7 Rxe7 31. Rxd6 Bc8 32. Kf2 Nb7 33. Rc6 Re8 34. f4 Rf8 35. Ke1 Na5 36. Rc7+ Kxh6 37. fxe5 Re8 38. Kd2 Kg5 39. Ke3 Ba6 40. e6 Bxc4 41. Rg7+ Kf6 42. Rf7+ Kg6 43. Bh3 Bb3 44. Kf4 Kh6 45. Bf5 Rh8 46. e7 1-0


[Site "https://www.chess.com"]

[Event "Titled Tuesday Blitz August 1 Early 2023"]
[White "Bortnyk, Olexandr"]
[Black "Megaranto, Susanto"]
[WhiteFideId "14120828"]
[BlackFideId "7101384"]
[WhiteElo "3081"]
[BlackElo "2981"]
[Result "0-1"]
[Round "9"]
[TimeControl "180+1"]
[Date "2023.08.01"]
[WhiteClock "0:00:50"]
[BlackClock "0:00:13"]
[Board "2"]

1. d4 d5 2. Nc3 c6 3. Bf4 Bf5 4. e3 e6 5. Nf3 Nd7 6. Bd3 Bg6 7. h4 Ngf6 8. Ne5 Bb4 9. h5 Bxd3 10. cxd3 h6 11. Qf3 Nxe5 12. Bxe5 O-O 13. O-O Nd7 14. Ne2 Ba5 15. Rac1 Bc7 16. Bxc7 Qxc7 17. e4 Qb6 18. b3 a5 19. e5 a4 20. Qg4 axb3 21. axb3 Ra2 22. f4 Kh8 23. Kh1 f5 24. exf6 Nxf6 25. Qf3 Qxb3 26. f5 Ng8 27. Nf4 Rxf5 28. Qh3 Qb2 29. Ng6+ Kh7 30. Rxf5 exf5 31. Qxf5 Qxg2# 0-1


[Site "https://www.chess.com"]

[Event "Titled Tuesday Blitz August 1 Early 2023"]
[White "Shimanov, Aleksandr"]
[Black "Andreikin, Dmitry"]
[WhiteFideId "4198603"]
[BlackFideId "4158814"]
[WhiteElo "2961"]
[BlackElo "3057"]
[Result "1/2-1/2"]
[Round "9"]
[TimeControl "180+1"]
[Date "2023.08.01"]
[WhiteClock "0:00:04"]
[BlackClock "0:00:05"]
[Board "3"]

1. e4 c5 2. Nf3 g6 3. c3 d5 4. exd5 Qxd5 5. d4 Nf6 6. Be3 Bg7 7. Nbd2 cxd4 8. Bxd4 Nc6 9. Bc4 Qh5 10. Be3 O-O 11. h3 Ng4 12. Bf4 e5 13. Bg3 e4 14. Nxe4 Re8 15. O-O Rxe4 16. hxg4 Bxg4 17. Qd5 Bxf3 18. gxf3 Qxd5 19. Bxd5 Re2 20. Rab1 Rd8 21. Rfd1 h5 22. Bxc6 Rxd1+ 23. Rxd1 bxc6 24. Rd8+ Kh7 25. Rd7 g5 26. Rxf7 Kg6 27. Rb7 h4 28. Bb8 h3 29. Kh2 Rxf2+ 30. Kxh3 Rxf3+ 31. Kg4 Rf2 32. a4 Rg2+ 33. Kf3 Rc2 34. Ke4 g4 35. Bxa7 g3 36. a5 g2 37. a6 Rc1 38. Rc7 Re1+ 39. Kd3 g1=Q 40. Bxg1 Rxg1 41. Rxc6+ Kf5 42. b4 Ra1 43. b5 Ke5 44. b6 Rxa6 45. b7 Rxc6 46. b8=Q+ Rd6+ 47. Kc2 Bf6 48. Qb5+ Ke6 49. c4 Be7 50. Kc3 Rd7 51. Qh5 Rc7 52. Qg4+ Kd6 53. Qf5 Rc5 54. Qf4+ Kd7 55. Qe4 Rg5 56. Qd4+ Ke8 57. Qe4 Rc5 58. Qe6 Rg5 59. Kd4 Kd8 60. Qb6+ Ke8 61. Qc6+ Kf8 62. Qd7 Kf7 63. Qc8 Kf6 64. Ke4 Kf7 65. Qd7 Rc5 66. Kd4 Rg5 67. Qh3 Kf8 68. Qf3+ Ke8 69. Qf4 Kd7 70. Qe4 Ke8 71. Qc6+ Kf7 72. Ke4 Kf8 73. Kf4 Rc5 74. Qe6 Ke8 75. Ke4 Kf8 76. Kd4 Rg5 77. Kc3 Ke8 78. Kb3 Kf8 79. Ka4 Ke8 80. Qc8+ Kf7 81. Qc6 Kf8 82. Qf3+ Ke8 83. Qe3 Kf8 84. Kb3 Ke8 85. Qf4 Kd8 86. Qb8+ Kd7 87. Qb7+ Ke8 88. Qc8+ Kf7 89. Kc3 Rc5 90. Qd7 Rg5 91. Kd4 Kf8 92. Ke4 Kf7 93. Kf4 Rc5 94. Qd4 Ke8 95. Kg4 Rg5+ 96. Kf3 Rc5 97. Qe4 Rg5 98. Qc6+ Kf8 99. Kf4 1/2-1/2


[Site "https://www.chess.com"]

[Event "Titled Tuesday Blitz August 1 Early 2023"]
[White "Baskakov, Egor"]
[Black "Xu, Xiangyu"]
[WhiteFideId "24197866"]
[BlackFideId "8608288"]
[WhiteElo "2942"]
[BlackElo "3012"]
[Result "1/2-1/2"]
[Round "9"]
[TimeControl "180+1"]
[Date "2023.08.01"]
[WhiteClock "0:02:44"]
[BlackClock "0:02:37"]
[Board "4"]

1. e4 e5 2. Nc3 Nf6 3. g3 Bc5 4. Bg2 c6 5. Nge2 d5 6. exd5 cxd5 7. d4 exd4 8. Nxd4 O-O 9. O-O Bg4 10. Qd3 Bxd4 11. Qxd4 Nc6 12. Qc5 d4 13. Ne4 Rc8 14. Nd6 b6 15. Qa3 Rc7 16. Nb5 Rc8 17. Nd6 Rc7 18. Nb5 Rc8 19. Nd6 1/2-1/2


[Site "https://www.chess.com"]

[Event "Titled Tuesday Blitz August 1 Early 2023"]
[White "Khubukshanov, Erdem"]
[Black "Firouzja, Alireza"]
[WhiteFideId "54114527"]
[BlackFideId "12573981"]
[WhiteElo "2883"]
[BlackElo "3075"]
[Result "0-1"]
[Round "9"]
[TimeControl "180+1"]
[Date "2023.08.01"]
[WhiteClock "0:00:06"]
[BlackClock "0:00:06"]
[Board "6"]

1. e4 c5 2. Nf3 d6 3. Bb5+ Nd7 4. Ba4 Nf6 5. O-O e6 6. Re1 a6 7. c3 b5 8. Bc2 Bb7 9. d4 Be7 10. Nbd2 O-O 11. Nf1 Rc8 12. Ng3 Qc7 13. Bd3 Rfe8 14. h3 h6 15. Be3 cxd4 16. cxd4 d5 17. e5 Ne4 18. Nh5 Nf8 19. Nd2 Ng6 20. Qg4 Bb4 21. Nxe4 dxe4 22. Rec1 Qxc1+ 23. Rxc1 Rxc1+ 24. Bxc1 exd3 25. Qd1 Rc8 26. Be3 Rc2 27. Qxd3 Rxb2 28. a3 Bf8 29. Bc1 Ra2 30. Qb1 Bd5 31. Bxh6 Rxa3 32. Nf6+ gxf6 33. Bxf8 Nxf8 34. exf6 a5 35. Qc1 Nd7 36. Qxa3 Nxf6 37. Qxa5 Bc4 38. g4 Nd5 39. Qd8+ Kg7 40. Qg5+ Kf8 41. Qd8+ Kg7 42. Qc8 Bd3 43. g5 b4 44. h4 b3 45. Qb7 Bc2 46. h5 Nf4 47. g6 Nxh5 48. Qxf7+ Kh6 49. f4 Ng7 50. Qf6 Bxg6 51. Qh4+ Nh5 52. Qg5+ Kh7 53. Qe7+ Kh6 54. Qf8+ Ng7 55. Qh8+ Bh7 56. Qb8 Bc2 57. Kf2 Nf5 58. Qf8+ Kg6 59. Qg8+ Kf6 60. Qg5+ Kf7 61. Qh5+ Ke7 62. Qh7+ Kd6 63. Qb7 Nxd4 64. Ke3 Nf5+ 65. Kd2 Nd4 66. Kc3 Nc6 67. Qb6 Kd7 68. Qc5 Ne7 69. Qe5 Nd5+ 70. Kb2 Nb6 71. Qg7+ Kc6 72. Qe7 Nc4+ 73. Kc3 Nd6 74. Qxe6 Kc5 75. Qe5+ Kc6 76. Kb2 Nc4+ 77. Kc3 Nxe5 78. fxe5 Kd5 79. Kb2 Kxe5 80. Kc3 Kd5 0-1


[Site "https://www.chess.com"]

[Event "Titled Tuesday Blitz August 1 Early 2023"]
[White "Harsh Suresh"]
[Black "Pranesh M"]
[WhiteFideId "45018464"]
[BlackFideId "35028600"]
[WhiteElo "2894"]
[BlackElo "3065"]
[Result "1/2-1/2"]
[Round "9"]
[TimeControl "180+1"]
[Date "2023.08.01"]
[WhiteClock "0:00:30"]
[BlackClock "0:00:28"]
[Board "7"]

1. e4 e5 2. Nf3 Nc6 3. Bb5 a6 4. Ba4 Nf6 5. O-O Bc5 6. Bxc6 dxc6 7. d3 Nd7 8. Qe2 Qe7 9. Be3 f6 10. Nbd2 O-O 11. a4 Kh8 12. Nb3 Bd6 13. a5 Re8 14. Nfd2 Nc5 15. Nxc5 Bxc5 16. Bxc5 Qxc5 17. Qe3 Qxe3 18. fxe3 Be6 19. Kf2 Kg8 20. h3 Kf7 21. Ke2 Ke7 22. d4 c5 23. d5 Bd7 24. c4 Kd6 25. Nb3 b6 26. Nc1 b5 27. b3 Reb8 28. Nd3 bxc4 29. bxc4 Rb3 30. Rfb1 Rab8 31. Rxb3 Rxb3 32. Kd2 Be8 33. Kc2 Rb8 34. Rb1 Ba4+ 35. Kc1 Rxb1+ 36. Kxb1 Bd1 37. h4 h5 38. Kb2 Be2 39. Kc3 g5 40. g3 Bf1 41. Nf2 Ke7 42. Nd3 Kd6 43. Nf2 Bg2 44. Kd3 Bf3 45. Nh3 Bg2 46. Nf2 Bf1+ 47. Kc3 1/2-1/2


[Site "https://www.chess.com"]

[Event "Titled Tuesday Blitz August 1 Early 2023"]
[White "Pichot, Alan"]
[Black "Makarian, Rudik"]
[WhiteFideId "110973"]
[BlackFideId "44105681"]
[WhiteElo "2833"]
[BlackElo "3021"]
[Result "1-0"]
[Round "9"]
[TimeControl "180+1"]
[Date "2023.08.01"]
[WhiteClock "0:00:05"]
[BlackClock "0:00:06"]
[Board "8"]

1. e4 e6 2. d4 d5 3. Nc3 Bb4 4. e5 c5 5. a3 Bxc3+ 6. bxc3 Ne7 7. Qg4 Qc7 8. Bd3 c4 9. Be2 Rg8 10. a4 Qa5 11. Qh3 h6 12. Bd2 Nbc6 13. Nf3 Bd7 14. Qh5 O-O-O 15. Qxf7 Rdf8 16. Qh5 Nf5 17. h4 Kb8 18. Qg4 Qd8 19. h5 Be8 20. a5 g5 21. hxg6 Bxg6 22. Qh3 Qd7 23. Bc1 Nfe7 24. Ra2 Bf5 25. Qxh6 Qe8 26. Qh2 Be4 27. Ng5 Qg6 28. Nxe4 dxe4 29. Bxc4 Rc8 30. Bb3 Ka8 31. a6 b6 32. Be3 Na5 33. Rxa5 bxa5 34. Qh7 Qxh7 35. Rxh7 Nd5 36. c4 Nxe3 37. fxe3 Rxg2 38. c5 Rb8 39. c6 a4 40. c7 axb3 41. cxb8=Q+ Kxb8 42. Rb7+ Ka8 43. Re7 Kb8 44. cxb3 Rb2 45. Rxe6 Rxb3 46. Kf2 Kc7 47. Re7+ Kc6 48. Rxa7 Kd5 49. Rb7 Ra3 50. a7 Ke6 51. Kg3 Kf5 52. Rf7+ Kg5 53. Rc7 Rxe3+ 54. Kf2 Ra3 55. e6 Kf6 56. e7 Kf7 57. d5 Ra6 58. d6 Rxa7 59. Rxa7 e3+ 60. Kxe3 1-0


[Site "https://www.chess.com"]

[Event "Titled Tuesday Blitz August 1 Early 2023"]
[White "Tristan, Leonardo"]
[Black "Bok, Benjamin"]
[WhiteFideId "113816"]
[BlackFideId "1017063"]
[WhiteElo "2799"]
[BlackElo "2962"]
[Result "1-0"]
[Round "9"]
[TimeControl "180+1"]
[Date "2023.08.01"]
[WhiteClock "0:00:42"]
[BlackClock "0:00:02"]
[Board "9"]

1. d4 Nf6 2. Nf3 e6 3. Bf4 c5 4. c3 d5 5. e3 Bd6 6. Bb5+ Nc6 7. Bg3 O-O 8. Nbd2 Bxg3 9. hxg3 Qd6 10. Bxc6 bxc6 11. Ne5 cxd4 12. exd4 c5 13. g4 cxd4 14. cxd4 Nd7 15. Qc2 g6 16. Nxd7 Bxd7 17. Qd3 e5 18. Qg3 Rae8 19. Kf1 Qa6+ 20. Kg1 exd4 21. Qh4 h5 22. gxh5 Kg7 23. Qxd4+ f6 24. hxg6 Qe6 25. Nf3 Rh8 26. Rxh8 Rxh8 27. Re1 Qf5 28. Re7+ Kxg6 29. Nh4+ Rxh4 30. Qxh4 Be6 31. Qh7+ 1-0


[Site "https://www.chess.com"]

[Event "Titled Tuesday Blitz August 1 Early 2023"]
[White "Rahman, Masruri"]
[Black "Demidov, Mikhail"]
[WhiteFideId "7101163"]
[BlackFideId "4197143"]
[WhiteElo "2796"]
[BlackElo "2933"]
[Result "0-1"]
[Round "9"]
[TimeControl "180+1"]
[Date "2023.08.01"]
[WhiteClock "0:00:00"]
[BlackClock "0:00:14"]
[Board "10"]

1. d4 g6 2. e4 Bg7 3. Nc3 d6 4. Be3 a6 5. f3 b5 6. Qd2 Bb7 7. h4 h6 8. h5 g5 9. O-O-O Nd7 10. Kb1 Ngf6 11. Nh3 e6 12. Nf2 Qe7 13. Ne2 Nb6 14. Nc1 Nfd7 15. Nb3 Rb8 16. Na5 Ba8 17. Ka1 Na4 18. c3 c5 19. Rb1 Qd8 20. Nb3 c4 21. Nc1 Qa5 22. a3 d5 23. Na2 Qb6 24. exd5 exd5 25. f4 f6 26. Qc2 O-O 27. Qf5 Qd6 28. Ng4 Kh8 29. Be2 Rbe8 30. Bd1 Qe6 31. Bc2 Qxf5 32. Bxf5 Nab6 33. Rbe1 a5 34. Bd2 Bc6 35. Bg6 Rxe1+ 36. Rxe1 Nc8 37. Re6 Nb8 38. Re1 Bd7 39. Ne3 Ne7 40. Bc2 Nbc6 41. g3 Kg8 42. Ng2 Bf5 43. Bd1 Re8 44. Ne3 Be4 45. Bg4 f5 46. Bd1 g4 47. Nf1 Kf7 48. Nc1 Ng8 0-1


[Site "https://www.chess.com"]

[Event "Titled Tuesday Blitz August 1 Early 2023"]
[White "Nguyen, Ngoc Truong Son"]
[Black "Khachiyan, Melikset"]
[WhiteFideId "12401110"]
[BlackFideId "13300512"]
[WhiteElo "2910"]
[BlackElo "2744"]
[Result "1-0"]
[Round "9"]
[TimeControl "180+1"]
[Date "2023.08.01"]
[WhiteClock "0:00:15"]
[BlackClock "0:00:01"]
[Board "11"]

1. d4 d5 2. c4 c6 3. Nc3 Nf6 4. Nf3 a6 5. cxd5 cxd5 6. Bf4 Nc6 7. Rc1 Bf5 8. Ne5 Rc8 9. e3 e6 10. Qb3 Na5 11. Qa4+ b5 12. Bxb5+ axb5 13. Qxb5+ Ke7 14. O-O Nc4 15. Qb7+ Nd7 16. Nc6+ Rxc6 17. Qxc6 Qb6 18. Qxb6 Ndxb6 19. b3 Nd6 20. a4 Kd7 21. a5 Nbc8 22. Na4 Nb5 23. Nc5+ Bxc5 24. Rxc5 Nca7 25. Rfc1 Rc8 26. h4 f6 27. f3 h5 28. Kf2 Rxc5 29. Rxc5 Bd3 30. g4 Nc6 31. a6 Nba7 32. gxh5 Bxa6 33. Rc1 Ke7 34. Rg1 Kf7 35. h6 gxh6 36. Bxh6 e5 37. Rg7+ Ke6 38. dxe5 fxe5 39. h5 d4 40. exd4 exd4 41. Bg5 Bd3 42. h6 Nb5 43. h7 Bxh7 44. Rxh7 Ne5 45. Bd2 Nd6 46. Rh6+ Kd5 47. Rxd6+ Kxd6 48. Bf4 Kd5 49. Bxe5 Kxe5 50. Ke2 Kd5 51. Kd3 Kc5 52. f4 1-0


[Site "https://www.chess.com"]

[Event "Titled Tuesday Blitz August 1 Early 2023"]
[White "Idani, Pouya"]
[Black "Pranav, V"]
[WhiteFideId "12510130"]
[BlackFideId "25060783"]
[WhiteElo "2765"]
[BlackElo "3008"]
[Result "0-1"]
[Round "9"]
[TimeControl "180+1"]
[Date "2023.08.01"]
[WhiteClock "0:00:19"]
[BlackClock "0:00:03"]
[Board "12"]

1. e4 e5 2. Nf3 Nc6 3. Bb5 a6 4. Ba4 Nf6 5. O-O Be7 6. d3 d6 7. c3 O-O 8. Nbd2 Re8 9. Re1 Bf8 10. d4 b5 11. Bc2 g6 12. d5 Ne7 13. b3 c5 14. dxc6 Nxc6 15. Nf1 Be6 16. Bg5 Rc8 17. Ne3 Be7 18. Bxf6 Bxf6 19. a4 b4 20. cxb4 Nxb4 21. Bd3 Nxd3 22. Qxd3 d5 23. Qxa6 dxe4 24. Rad1 Qe7 25. Nd2 Ra8 26. Qc6 Bg7 27. Qxe4 f5 28. Qc2 e4 29. Ndc4 h5 30. Nd5 Qc5 31. Nf4 Bf7 32. h4 Bh6 33. Nh3 Qe7 34. Nd6 Red8 35. Nxf7 Kxf7 36. g3 Rac8 37. Qe2 Qb4 38. Rxd8 Rxd8 39. Rd1 Rc8 40. Qa6 Rc7 41. Rd6 Qxb3 42. Rf6+ Kg8 43. Rxg6+ Bg7 44. Qe6+ Qxe6 45. Rxe6 Kf7 46. Ra6 Rc1+ 47. Kg2 Rc2 48. Ra7+ Kg8 49. Re7 Bd4 50. a5 e3 51. Kf3 exf2 52. Kg2 Rc1 53. Nxf2 Rc2 54. Kf3 Rxf2# 0-1


[Site "https://www.chess.com"]